groovejumper, neutral female gnomish Archeologist ----------------------------- |.............|.............| |..0.|...|..(.#.............| |..0|..|..|..0#.............| |..|..........#.............| |.0.....|..|..#.............| |.|....|....|.#.............| |0.|..|.......#..........u..| |..........|..#.............| |...|..|..|00.#.............| |....|...|.0..#j............| |............>|<@...........| |-.-#########---#########-%-| |..^^^^^^^^^^...%^^^^^^^^^..| |...........................| ----------------------------- groovejumper the Investigator Experience level: 8 Strength: 16 Dexterity: 11 Constitution: 16 Intelligence: 15 Wisdom: 14 Charisma: 14 Health: 0(52) Energy: 54(54) AC: 9 Gold: 303 Moves: 6174 Your Inventory: Coins $ - 303 gold pieces Weapons a - an uncursed +2 bullwhip (weapon in hand) Armor c - an uncursed +0 fedora (being worn) h - an uncursed +0 leather jacket (being worn) Comestibles L - an [uncursed] fortune cookie M - an [uncursed] food ration N - an [uncursed] lichen corpse Scrolls I - 2 [uncursed] scrolls called earth [of earth] Spellbooks K - an [uncursed] decrepit spellbook [of cure blindness] Potions H - an [uncursed] orange potion [of object detection] Tools b - an uncursed sack w - an [uncursed] key [skeleton key] z - an [uncursed] lock pick C - an [uncursed] key [skeleton key] Gems t - an uncursed touchstone Contents of the sack: 561 gold pieces a [blessed +1] crude dagger [orcish] an [uncursed +0] sling 3 [uncursed stale] eggs 3 uncursed food rations an [uncursed] scroll called earth [of earth] an [uncursed] scroll labeled KO BATE [of gold detection] an [uncursed] black potion [of sleeping] 2 [uncursed] sky blue potions [of blindness] an [uncursed] quartz wand [of enlightenment (0:11)] a [blessed] titanium wand [of create monster (0:15)] an uncursed +0 pick-axe an uncursed tin opener an uncursed tinning kit (0:69) Spells known in the end: Name Level Category Fail Memory a - light 1 divination 3% [||||||..] b - create familiar 6 clerical 100% [||||||||] c - levitation 4 escape 100% [||||||||] Your skills at the end: Fighting Skills Weapon Skills pick-axe [Basic / Expert] sling [Basic / Skilled] whip [Skilled / Expert] Spellcasting Skills Final Attributes: You were piously aligned. Hunger level was 629. Your alignment was 39 / 40. Monster difficulty range was 0 - 6. Level difficulty was 5. You were telepathic. You had infravision. You were stealthy. You were fast. Your luck was zero. You are dead. Vanquished creatures: a quivering blob 3 leprechauns a dingo a gnome mummy an imp 2 wood nymphs a mountain nymph an orc shaman a rock piercer 3 rock moles a fog cloud 2 shriekers a kobold mummy a gray ooze an elf zombie a ghoul 2 straw golems 2 floating eyes a kitten a homunculus 8 hill orcs 7 rothes a centipede 2 dwarf zombies 4 iguanas 5 killer bees 5 coyotes a hobbit a large kobold 2 hobgoblins 4 giant rats a brown mold a yellow mold 5 geckos 3 jackals a kobold 5 goblins 4 grid bugs 2 lichens a kobold zombie 6 newts 97 creatures vanquished. Voluntary challenges: You were an atheist. You used a wielded weapon 335 times. You read items or engraved 105 times. You put on armor 2 times. You never genocided any monsters. You never polymorphed an object. You never changed form. You used no wishes. You wrote Elbereth's name 75 times. You never encountered a bones level. You never used any Sokoban shortcuts. Dungeon overview: The Dungeons of Doom: levels 1 to 6 Level 1 a fountain a long staircase Level 2 a fountain a long staircase Level 3 a general store, a fountain Level 4 some fountains Level 5 many fountains Level 6 a fountain stairs to Sokoban Sokoban: Level 5 <- You were here a magic chest stairs to The Dungeons of Doom History has recorded: On T:1 you entered the Dungeons of Doom to retrieve the Amulet of Yendor! On T:295 you reached level 2 of The Dungeons of Doom. On T:307 you advanced to experience level 2. On T:478 you advanced to experience level 3. On T:616 you advanced to experience level 4. On T:664 you reached level 3 of The Dungeons of Doom. On T:909 you advanced to experience level 5. On T:1518 you advanced to experience level 6. On T:1579 you reached level 4 of The Dungeons of Doom. On T:1894 you reached level 5 of The Dungeons of Doom. On T:2317 you reached level 6 of The Dungeons of Doom. On T:2831 you advanced to experience level 7. On T:4705 you advanced to experience level 8. On T:4987 you reached level 3 of Sokoban. Latest messages: You hit the straw golem! You add "Elbereth" with your fingers to the writing in the dust. [HP+1=24] The straw golem turns to flee! [HP+1=25] You hit the straw golem! L - a fortune cookie. M - a food ration. You destroy the straw golem! You kill the lichen! [HP+1=26] You see here a lichen corpse. N - a lichen corpse. You hit the quivering blob! (2x) The quivering blob touches you! [HP-3=23] You hit the quivering blob! You kill the quivering blob! [HP+1=24] You hit the spotted jelly! (2x) You are splashed by the spotted jelly's acid! You die... Final status: Goodbye groovejumper the Archeologist... You died in Sokoban on dungeon level 5 with 3717 points, and 864 pieces of gold, after 6174 moves. You were level 8 with a maximum of 52 hit points when you died.